[Event "ICC tourney 2064 (45 10)"]
[Site "Internet Chess Club"]
[Date "2020.10.17"]
[Round "1"]
[White "Diyor"]
[Black "PirateKing"]
[Result "1-0"]
[ICCResult "Black checkmated"]
[WhiteElo "1180"]
[BlackElo "799"]
[Opening "King's pawn opening"]
[ECO "B07"]
[NIC "VO.17"]
[Time "11:01:48"]
[TimeControl "2700+10"]

1. e4 d6 2. d4 e5 3. dxe5 Nc6 4. exd6 Bxd6 5. Nf3 Bg4 6. Be2 Bxf3 7. Bxf3
Nf6 8. Nc3 O-O 9. Bg5 Be5 10. Qxd8 Raxd8 11. O-O Nd4 12. Rac1 Nxf3+ 13. gxf3
h6 14. Bxf6 Bxf6 15. Rcd1 a6 16. Rxd8 Rxd8 17. Rd1 Rxd1+ 18. Nxd1 Be5 19. h3
b5 20. b3 b4 21. Ne3 Bf4 22. Nd5 Bd6 23. Kf1 c6 24. Ne3 g6 25. Ke2 a5 26.
Nc4 Bc5 27. Nxa5 Bb6 28. Nxc6 Kf8 29. Nxb4 Ke7 30. Nd5+ Kd6 31. Nxb6 f5 32.
exf5 gxf5 33. a4 Kc6 34. a5 Kb7 35. b4 f4 36. c4 h5 37. Nd5 h4 38. Nxf4 Ka6
39. Ng6 Kb7 40. f4 Ka6 41. f5 Ka7 42. f6 Ka6 43. f7 Ka7 44. f8=Q Ka6 45.
Qa8# {Black checkmated} 1-0

[Event "ICC tourney 2064 (45 10)"]
[Site "Internet Chess Club"]
[Date "2020.10.17"]
[Round "1"]
[White "DylanYu"]
[Black "boxingguy2469x"]
[Result "0-1"]
[ICCResult "White checkmated"]
[WhiteElo "242"]
[BlackElo "1143"]
[Opening "Giuoco Piano"]
[ECO "C50"]
[NIC "IG.02"]
[Time "11:01:47"]
[TimeControl "2700+10"]

1. e4 e5 2. Nf3 Nc6 3. Bc4 Bc5 4. O-O d6 5. h3 Nf6 6. Nc3 O-O 7. d3 h6 8.
Be3 Bb6 9. Nd5 Be6 10. Nxb6 axb6 11. Bb3 Qd7 12. Kh2 Rfe8 13. Bxe6 Qxe6 14.
d4 exd4 15. Nxd4 Qxe4 16. Nxc6 bxc6 17. Re1 Qe5+ 18. Kg1 Qxb2 19. Qb1 Qxb1
20. Rexb1 Nd5 21. Re1 Nxe3 22. fxe3 Ra3 23. Kf2 d5 24. Ke2 Raxe3+ 25. Kd2
Rxe1 26. Rxe1 Rxe1 27. Kxe1 Kf8 28. Kd2 Ke7 29. Kd3 Kd6 30. c4 dxc4+ 31.
Kxc4 Ke5 32. a4 Kd6 33. Kb4 Kd5 34. a5 bxa5+ 35. Kxa5 Kc5 36. Ka4 Kc4 37. h4
c5 38. h5 Kd4 39. g4 c4 40. g5 hxg5 41. Ka3 g4 42. h6 gxh6 43. Ka2 g3 44.
Ka1 g2 45. Ka2 g1=Q 46. Ka3 Kc3 47. Ka2 Qf2+ 48. Ka3 Qb2+ 49. Ka4 Qb4#
{White checkmated}
0-1

[Event "ICC tourney 2064 (45 10)"]
[Site "Internet Chess Club"]
[Date "2020.10.17"]
[Round "1"]
[White "Sreshthaj"]
[Black "ansish"]
[Result "0-1"]
[ICCResult "White checkmated"]
[WhiteElo "982"]
[BlackElo "1269"]
[Opening "Pirc: classical (two knights) system"]
[ECO "B08"]
[NIC "PU.10"]
[Time "11:01:53"]
[TimeControl "2700+10"]

1. e4 d6 2. d4 Nf6 3. Nc3 g6 4. Nf3 Bg7 5. Bc4 Nxe4 6. Nxe4 d5 7. Bd3 dxe4
8. Bxe4 O-O 9. O-O c6 10. Bf4 Bg4 11. h3 Bxf3 12. Bxf3 Qxd4 13. Qxd4 Bxd4
14. c3 Bg7 15. Rfe1 Re8 16. Rad1 Na6 17. Rd7 Nc5 18. Rdxe7 Rxe7 19. Rxe7 Bf6
20. Re3 Rd8 21. Bh6 Bg7 22. Bg5 Rd3 23. b4 Rxe3 24. Bxe3 Ne6 25. Bxa7 Bxc3
26. a3 Nd4 27. Bxd4 Bxd4 28. Kf1 f5 29. g4 fxg4 30. hxg4 Kf7 31. Ke2 Ke6 32.
Be4 Kd6 33. f3 b5 34. Bc2 Bb2 35. a4 Bc3 36. axb5 cxb5 37. Bd3 Kc6 38. Kd1
Bxb4 39. Kc2 Be1 40. Kb3 b4 41. Kb2 Kd5 42. Be4+ Kd4 43. Kb3 Bd2 44. Kb2 Kc4
45. Kb1 b3 46. Kb2 Bc3+ 47. Kb1 Kb4 48. Kc1 b2+ 49. Kb1 Ka3 50. Bd3 Bd2 51.
Be4 Bc1 52. Bd3 Kb3 53. Be4 Kc3 54. Bc2 Kd2 55. Be4 Ke2 56. Ka2 Ke3 57. Kb1
Kf4 58. Ka2 Kg5 59. Kb1 h5 60. gxh5 gxh5 61. Ka2 h4 62. Kb1 h3 63. f4+ Kg4
64. f5 Kf4 65. Ba8 Kxf5 66. Bb7 Kg4 67. Bc6 Kg3 68. Bb7 Kf2 69. Bc6 Kg1 70.
Bd5 h2 71. Bc6 h1=Q 72. Bxh1 Kxh1 73. Kc2 Kg1 74. Kb1 Kf1 75. Ka2 Ke1 76.
Kb1 Kd2 77. Ka2 Kc2 78. Ka3 b1=Q+ 79. Ka4 Qb3+ 80. Ka5 Bd2+ 81. Ka6 Qb4 82.
Ka7 Qb5 83. Ka8 Bf4 84. Ka7 Kc3 85. Ka8 Qb8# {White checkmated} 0-1

[Event "ICC tourney 2064 (45 10)"]
[Site "Internet Chess Club"]
[Date "2020.10.17"]
[Round "1"]
[White "Srinidhi6"]
[Black "Grandslam34"]
[Result "1-0"]
[ICCResult "Black resigns"]
[WhiteElo "981"]
[BlackElo "149"]
[Opening "Scandinavian defense"]
[ECO "B01"]
[NIC "SD.03"]
[Time "11:02:07"]
[TimeControl "2700+10"]

1. e4 d5 2. exd5 Nf6 3. Nc3 e6 4. Nf3 exd5 5. d3 Bg4 6. Be2 Nc6 7. O-O Qd7
8. Bg5 O-O-O 9. a4 h6 10. Bf4 g5 11. Ne5 Bxe2 12. Qxe2 Qe6 13. Nxc6 Qxe2 14.
Nxa7+ Kb8 15. Nc6+ Kc8 16. Na7+ Kb8 17. Bxc7+ Kxa7 18. Nxe2 Rd7 19. Be5 Be7
20. Ng3 Rc8 21. Nf5 Ng4 22. Nxe7 Rxc2 23. Bd4+ Ka8 {Black resigns} 1-0

[Event "ICC tourney 2064 (45 10)"]
[Site "Internet Chess Club"]
[Date "2020.10.17"]
[Round "1"]
[White "McTaggartfan"]
[Black "aiden004"]
[Result "0-1"]
[ICCResult "White resigns"]
[WhiteElo "1296"]
[BlackElo "1279"]
[Opening "French: advance, Paulsen attack"]
[ECO "C02"]
[NIC "FR.03"]
[Time "11:01:47"]
[TimeControl "2700+10"]

1. e4 e6 2. d4 d5 3. e5 c5 4. Nf3 Nc6 5. c3 Qb6 6. Qb3 Qxb3 7. axb3 a6 8.
Bd3 Nge7 9. Bd2 Ng6 10. h4 Be7 11. h5 Nf8 12. g4 Nd7 13. g5 Nb6 14. Na3 Bd7
15. O-O-O O-O-O 16. Kb1 cxd4 17. cxd4 f6 18. gxf6 gxf6 19. Nc2 Rdf8 20. Ba5
{White resigns}
0-1

[Event "ICC tourney 2064 (45 10)"]
[Site "Internet Chess Club"]
[Date "2020.10.17"]
[Round "1"]
[White "EricCheng-131"]
[Black "thanhcaptures"]
[Result "0-1"]
[ICCResult "White checkmated"]
[WhiteElo "933"]
[BlackElo "1244"]
[Opening "Two knights defense"]
[ECO "C58"]
[NIC "KP.01"]
[Time "11:01:48"]
[TimeControl "2700+10"]

1. e4 e5 2. Nf3 Nc6 3. Bc4 Nf6 4. Ng5 d5 5. exd5 Na5 6. Bb5+ c6 7. dxc6 bxc6
8. Bd3 h6 9. Ne4 Be7 10. Qf3 O-O 11. O-O Nxe4 12. Qxe4 f5 13. Qxe5 Bd6 14.
Qc3 c5 15. Na3 Nc6 16. Nb5 Be7 17. Bc4+ Kh8 18. Qh3 f4 19. Qh5 Rf5 20. Qg6
Ne5 21. Qxf5 Bxf5 22. Bb3 c4 23. Ba4 Qa5 24. b3 Bxc2 25. Bb2 Bf6 26. Rfe1
Nd3 27. Bxf6 Nxe1 28. Bxg7+ Kxg7 29. Rxe1 Qxd2 30. Ra1 cxb3 31. axb3 Re8 32.
h3 Re1+ 33. Rxe1 Qxe1+ 34. Kh2 Qxf2 35. Nxa7 Qxa7 36. Kh1 Qf2 37. Bc6 Kf6
38. Bf3 Kg5 39. b4 Kh4 40. b5 Kg3 41. Be2 Qxg2# {White checkmated} 0-1

[Event "ICC tourney 2064 (45 10)"]
[Site "Internet Chess Club"]
[Date "2020.10.17"]
[Round "1"]
[White "sushanth777"]
[Black "dangdang2000"]
[Result "0-1"]
[ICCResult "White checkmated"]
[WhiteElo "812"]
[BlackElo "1194"]
[Opening "Ruy Lopez: Berlin defense"]
[ECO "C65"]
[NIC "RL.07"]
[Time "11:01:59"]
[TimeControl "2700+10"]

1. e4 e5 2. Nf3 Nc6 3. Bb5 Nf6 4. Bxc6 dxc6 5. Nc3 Bc5 6. O-O Bg4 7. d3 O-O
8. h3 Bh5 9. Be3 Bxe3 10. fxe3 Re8 11. Qd2 Bg6 12. Rad1 Qd7 13. Qf2 Rad8 14.
Nh4 Re6 15. Nxg6 fxg6 16. Qe2 Rf8 17. Rf3 Qe7 18. a3 Rd8 19. Qf2 Red6 20.
Qf1 Rf8 21. Rd2 Nd7 22. Rdf2 Rdf6 23. Qe2 R8f7 24. Qf1 Qf8 25. Rxf6 Nxf6 26.
Kh2 Ng4+ 27. hxg4 Rxf2 28. Qd1 Rf1 29. Qd2 Qf2 30. Qxf2 Rxf2 31. Na4 Rxc2
32. Kg3 Kf7 33. g5 b5 34. Nc3 Rxb2 35. d4 exd4 36. exd4 Rb3 37. Kf4 Rxc3 38.
Ke5 Rxa3 39. d5 cxd5 40. Kxd5 Re3 41. g4 a5 42. Kd4 a4 43. Kxe3 a3 44. e5 a2
45. e6+ Kxe6 46. Ke4 a1=Q 47. Kf3 Qc3+ 48. Kf4 Qd4+ 49. Kf3 b4 50. Kg3 b3
51. Kh4 b2 52. Kg3 b1=Q 53. Kh4 Qh1+ 54. Kg3 Qe3# {White checkmated} 0-1

[Event "ICC tourney 2064 (45 10)"]
[Site "Internet Chess Club"]
[Date "2020.10.17"]
[Round "1"]
[White "oxdidi"]
[Black "sassymareese"]
[Result "1/2-1/2"]
[ICCResult "Game drawn because neither player has mating material"]
[WhiteElo "1090"]
[BlackElo "1328"]
[Opening "Sicilian"]
[ECO "B50"]
[NIC "SI.01"]
[Time "11:01:58"]
[TimeControl "2700+10"]

1. e4 c5 2. Nf3 d6 3. Bc4 Nc6 4. h3 h6 5. O-O Nf6 6. d3 e6 7. Nc3 Be7 8. Be3
O-O 9. Re1 a6 10. Qd2 b5 11. Bb3 Bb7 12. a3 Qc7 13. Nh4 Rad8 14. Bxh6 gxh6
15. Qxh6 Nh7 16. Re3 Bxh4 17. Qxh4 Kh8 18. Rg3 Rg8 19. Ne2 Rxg3 20. Nxg3 Qe7
21. Qh6 Qg5 22. Qxg5 Nxg5 23. h4 Nh7 24. Nh5 Nd4 25. a4 Nxb3 26. cxb3 Ra8
27. axb5 axb5 28. Ra3 b4 29. Ra4 Bc6 30. Rxa8+ Bxa8 31. Kf1 Bc6 32. Ke2 Nf8
33. Nf6 Ng6 34. Ke3 Nxh4 35. g3 Ng6 36. d4 Kg7 37. Ng4 f5 38. Nh2 Bxe4 39.
f3 Bd5 40. g4 fxg4 41. Nxg4 Bxb3 42. Nf2 Bd5 43. dxc5 dxc5 44. Nd3 c4 45.
Nxb4 Ne7 46. Kd4 Kf6 47. Ke3 Nf5+ 48. Kf4 e5+ 49. Kg4 Ne3+ 50. Kg3 Ke6 51.
f4 exf4+ 52. Kxf4 Nd1 53. Nxd5 Kxd5 54. Kf3 Nxb2 55. Ke2 Ke4 56. Kd2 Kd4 57.
Kc2 c3 58. Kc1 Kd3 59. Kb1 c2+ 60. Kc1 Ke3 61. Kxc2
{Game drawn because neither player has mating material}
1/2-1/2

[Event "ICC tourney 2064 (45 10)"]
[Site "Internet Chess Club"]
[Date "2020.10.17"]
[Round "1"]
[White "DaveGriffin"]
[Black "arjunsaravanan"]
[Result "0-1"]
[ICCResult "White resigns"]
[WhiteElo "796"]
[BlackElo "1189"]
[Opening "Scandinavian (center counter) defense"]
[ECO "B01"]
[NIC "SD.01"]
[Time "11:01:46"]
[TimeControl "2700+10"]

1. e4 d5 2. exd5 Qxd5 3. Nc3 Qa5 4. d4 c6 5. Bd3 Nf6 6. h3 e6 7. Nf3 Be7 8.
O-O O-O 9. Bd2 Qc7 10. Ne4 Nbd7 11. c4 Nxe4 12. Bxe4 Nf6 13. Bd3 b6 14. Re1
Bb7 15. d5 cxd5 16. cxd5 Bxd5 17. a3 Qb7 18. Re3 Bc5 19. Re1 Bxf3 20. Qxf3
Qxf3 21. gxf3 Rfd8 22. Bxh7+ Kxh7 23. Be3 Bxe3 24. fxe3 Rd2 25. b4 Rc8 26.
Red1 Rxd1+ 27. Rxd1 Rc3 28. Kf2 Rxa3 29. Rd8 Ra4 30. Ra8 Rxb4 31. Rxa7 Rb2+
32. Kg3 Kg6 33. f4 b5 34. Rb7 b4 35. Kf3 b3 36. Rb5 Nh7 37. e4 Kf6 38. Rh5
Rc2 39. Rb5 b2 40. h4 Ke7 41. e5 Kd7 42. Rb3 Rc3+ {White resigns} 0-1

[Event "ICC tourney 2064 (45 10)"]
[Site "Internet Chess Club"]
[Date "2020.10.17"]
[Round "1"]
[White "nguyencaptures"]
[Black "ChessPanda000"]
[Result "1-0"]
[ICCResult "Black checkmated"]
[WhiteElo "1156"]
[BlackElo "313"]
[Opening "Giuoco Piano"]
[ECO "C54"]
[NIC "IG.02"]
[Time "11:01:48"]
[TimeControl "2700+10"]

1. e4 e5 2. Nf3 Nc6 3. Bc4 Bc5 4. c3 Nf6 5. d4 exd4 6. cxd4 Bb6 7. d5 Ne7 8.
e5 Ng4 9. Nd4 Nxe5 10. Bb3 O-O 11. O-O d6 12. Bf4 Nf5 13. Nxf5 Bxf5 14. Nd2
Qf6 15. Bxe5 dxe5 16. Qe2 Rfe8 17. Ne4 Qg6 18. Ng3 Bg4 19. Qc2 Qxc2 20. Bxc2
Rad8 21. Bb3 e4 22. Rfe1 e3 23. fxe3 Rxe3 24. Rxe3 Bxe3+ 25. Kf1 Rd6 26. Ke1
c6 27. dxc6 Rxc6 28. Bd1 Bxd1 29. Rxd1 Bg5 30. Ne2 Rc2 31. Rd5 Bf6 32. Ra5
Rxb2 33. Rxa7 Rb1+ 34. Kd2 b5 35. Ra8+ Bd8 36. Rxd8# {Black checkmated} 1-0

[Event "ICC tourney 2064 (45 10)"]
[Site "Internet Chess Club"]
[Date "2020.10.17"]
[Round "1"]
[White "pkcl"]
[Black "Maximusiv"]
[Result "1-0"]
[ICCResult "Black resigns"]
[WhiteElo "1295"]
[BlackElo "1008"]
[Opening "Scandinavian defense"]
[ECO "B01"]
[NIC "SD.03"]
[Time "11:02:01"]
[TimeControl "2700+10"]

1. e4 d5 2. exd5 Nf6 3. Nc3 Nxd5 4. h3 Nc6 5. Nf3 Bf5 6. d3 e6 7. Bd2 Bc5 8.
Be2 a6 9. O-O h6 10. a3 Qf6 11. Nxd5 exd5 12. Bc3 d4 13. Bd2 O-O-O 14. b4
Bd6 15. Rb1 Bxh3 16. gxh3 Qf5 17. Nxd4 Qxh3 18. Bg4+ {Black resigns} 1-0

[Event "ICC tourney 2064 (45 10)"]
[Site "Internet Chess Club"]
[Date "2020.10.17"]
[Round "1"]
[White "funderdifflin"]
[Black "notarnav"]
[Result "0-1"]
[ICCResult "White resigns"]
[WhiteElo "678"]
[BlackElo "1141"]
[Opening "Queen's pawn, Mason variation"]
[ECO "D00"]
[NIC "QP.08"]
[Time "11:02:12"]
[TimeControl "2700+10"]

1. d4 d5 2. Bf4 e6 3. Nf3 Nf6 4. e3 c5 5. c3 Be7 6. Nbd2 Nc6 7. Bd3 h6 8.
O-O O-O 9. Re1 b6 10. Qa4 Bb7 11. Bb5 Nb8 12. Bf1 Bc6 13. Qc2 Bd6 14. Ne5
Qc7 15. dxc5 Bxe5 16. Bxe5 Qxe5 17. cxb6 axb6 18. Nf3 Qc7 19. h3 Nbd7 20. c4
Rfc8 21. Rac1 Qb7 22. Qb3 dxc4 23. Rxc4 Bxf3 24. gxf3 Rxc4 25. Qxc4 Ne5 26.
Bg2 Nxc4 {White resigns} 0-1

[Event "ICC tourney 2064 (45 10)"]
[Site "Internet Chess Club"]
[Date "2020.10.17"]
[Round "1"]
[White "aryasaravanan"]
[Black "NeuralNetworkQS"]
[Result "1-0"]
[ICCResult "Black resigns"]
[WhiteElo "1233"]
[BlackElo "891"]
[Opening "Scotch gambit: Dubois-Réti defense"]
[ECO "C55"]
[NIC "KP.02"]
[Time "11:02:23"]
[TimeControl "2700+10"]

1. e4 e5 2. Nf3 Nc6 3. d4 exd4 4. Bc4 Nf6 5. e5 d5 6. Bb5 Ne4 7. Nxd4 Bd7 8.
Nxc6 bxc6 9. Bd3 Nc5 10. O-O Be7 11. Nc3 O-O 12. Re1 f6 13. Bf4 fxe5 14.
Bxe5 Bf6 15. Bxf6 Qxf6 16. f3 Qd4+ 17. Kh1 Qh4 18. Re2 Qh5 19. Qg1 Nxd3 20.
cxd3 d4 21. Ne4 c5 22. Qc1 Rae8 23. Re1 Re6 24. Qxc5 Re5 25. Qxd4 Rd5 26.
Qc4 Bb5 27. Qb3 Bxd3 28. Nc3 c6 29. Nxd5 c5 30. Nf4+ c4 31. Qxc4+ Bxc4 32.
Nxh5 g6 33. Ng3 h5 34. b3 Bd5 35. Rad1 Ba8 36. Rd7 h4 37. Nf1 h3 38. Nd2 Bc6
39. Rc7 Ba8 40. Ree7 Rd8 41. Rg7+ Kh8 42. Rh7+ Kg8 43. Rcg7+ Kf8 44. Rh8+
Kxg7 45. Rxd8 hxg2+ 46. Kxg2 Bb7 47. Rd7+ Kf8 48. Rxb7 {Black resigns} 1-0

[Event "ICC tourney 2064 (45 10)"]
[Site "Internet Chess Club"]
[Date "2020.10.17"]
[Round "1"]
[White "Knighthhhh"]
[Black "plamba"]
[Result "1-0"]
[ICCResult "Black checkmated"]
[WhiteElo "1111"]
[BlackElo "231"]
[Opening "QGD Slav: 3.Nf3"]
[ECO "D11"]
[NIC "SL.01"]
[Time "11:02:01"]
[TimeControl "2700+10"]

1. d4 d5 2. c4 c6 3. Nf3 Bf5 4. Nc3 e6 5. Bf4 Na6 6. e3 Nb4 7. Rc1 Nf6 8. a3
Na6 9. Bd3 Bxd3 10. Qxd3 Be7 11. O-O O-O 12. Rfd1 Qb6 13. Na4 Qd8 14. c5 Qa5
15. Qc2 b5 16. Nc3 Ng4 17. h3 Nf6 18. b4 Qxa3 19. Ra1 Nxb4 20. Rxa3 Nxc2 21.
Ra2 Nb4 22. Rb2 Na6 23. Ra1 Nb8 24. Rba2 a6 25. Rb2 Nbd7 26. Rba2 Nb8 27.
Ne5 b4 28. Na4 Nfd7 29. Nd3 a5 30. Ne5 Nxe5 31. Bxe5 Na6 32. Nb6 Ra7 33.
Rxa5 Bd8 34. Rxa6 Rxa6 35. Rxa6 Be7 36. Ra4 f6 37. Bg3 b3 38. Rb4 e5 39.
Rxb3 Rb8 40. Rb4 Rb7 41. Nxd5 Rd7 42. Nxe7+ Rxe7 43. dxe5 fxe5 44. Re4 Kf7
45. Rxe5 Rd7 46. Kf1 Kf6 47. f4 Rd1+ 48. Ke2 Rg1 49. Kf3 Rf1+ 50. Ke2 Rg1
51. Kf2 Rc1 52. Bh4+ Kf7 53. Kf3 g6 54. Re7+ Kg8 55. Bf6 Kf8 56. Rxh7 Rxc5
57. Be7+ Kg8 58. Bxc5 Kxh7 59. e4 Kg7 60. f5 gxf5 61. exf5 Kf6 62. g4 Kf7
63. Bd4 Kf8 64. h4 Kf7 65. h5 Kg8 66. g5 Kh7 67. Kg4 Kg8 68. h6 Kh7 69. Kh5
Kg8 70. Kg6 Kf8 71. h7 Ke7 72. h8=Q Kd6 73. Qe5+ Kd7 74. Bb6 Kc8 75. Qc7#
{Black checkmated}
1-0

[Event "ICC tourney 2064 (45 10)"]
[Site "Internet Chess Club"]
[Date "2020.10.17"]
[Round "1"]
[White "proabhi19"]
[Black "flowerpower101"]
[Result "1-0"]
[ICCResult "Black checkmated"]
[WhiteElo "1199"]
[BlackElo "829"]
[Opening "Ruy Lopez: exchange variation"]
[ECO "C68"]
[NIC "RL.08"]
[Time "11:01:53"]
[TimeControl "2700+10"]

1. e4 e5 2. Nf3 Nc6 3. Bb5 a6 4. Bxc6 bxc6 5. d3 d6 6. h3 Nf6 7. Nc3 Be7 8.
Be3 O-O 9. O-O h6 10. Re1 Be6 11. a3 d5 12. exd5 cxd5 13. Nxe5 Qd6 14. Nf3
c5 15. d4 cxd4 16. Bxd4 Qf4 17. Rb1 Qf5 18. Re2 Qg6 19. Bxf6 Bxf6 20. Nxd5
Rfd8 21. Nxf6+ Qxf6 22. Rd2 Re8 23. c3 a5 24. Rd6 Qf5 25. Nd4 Qe5 26. Nxe6
Rxe6 27. Rxe6 Qxe6 28. Qd2 Qf5 29. Rd1 Qf6 30. Qd4 Qe7 31. b4 axb4 32. axb4
Qc7 33. c4 Kh7 34. Qe4+ g6 35. Qxa8 Qxc4 36. Qf8 Qb3 37. Rd8 Qb1+ 38. Kh2
Qb2 39. Qg8# {Black checkmated} 1-0

[Event "ICC tourney 2064 (45 10)"]
[Site "Internet Chess Club"]
[Date "2020.10.17"]
[Round "2"]
[White "NeuralNetworkQS"]
[Black "DaveGriffin"]
[Result "0-1"]
[ICCResult "White checkmated"]
[WhiteElo "874"]
[BlackElo "821"]
[Opening "French: advance, Milner-Barry gambit"]
[ECO "C02"]
[NIC "FR.03"]
[Time "13:32:05"]
[TimeControl "2700+10"]

1. e4 e6 2. d4 d5 3. e5 c5 4. c3 Qb6 5. Bd3 Nc6 6. Nf3 Bd7 7. Bc2 cxd4 8.
cxd4 Bb4+ 9. Nc3 Nge7 10. a3 Qa5 11. Bd2 Bxc3 12. Bxc3 Qb6 13. O-O Ng6 14.
Rb1 Qd8 15. b4 Rc8 16. Bb2 a6 17. Rc1 f6 18. Re1 fxe5 19. dxe5 Nh4 20. Rb1
O-O 21. Qd3 Nxf3+ 22. gxf3 Qh4 23. Kh1 Rf5 24. Rg1 d4 25. Rg2 Nxe5 26. Qe2
Rxc2 27. Qxc2 Bc6 28. Rxg7+ Kxg7 29. Rg1+ Rg5 30. Rg3 Nxf3 31. Rxg5+ Qxg5
32. Qd1 Ne1+ 33. Qf3 Bxf3# {White checkmated} 0-1

[Event "ICC tourney 2064 (45 10)"]
[Site "Internet Chess Club"]
[Date "2020.10.17"]
[Round "2"]
[White "Maximusiv"]
[Black "oxdidi"]
[Result "1-0"]
[ICCResult "Black resigns"]
[WhiteElo "1028"]
[BlackElo "1067"]
[Opening "Evans gambit"]
[ECO "C51"]
[NIC "IG.05"]
[Time "13:32:30"]
[TimeControl "2700+10"]

1. e4 e5 2. Nf3 Nc6 3. Bc4 Bc5 4. b4 Bxb4 5. c3 Bc5 6. d4 exd4 7. O-O d6 8.
Qb3 Qd7 9. Re1 Nf6 10. e5 dxe5 11. Nxe5 Nxe5 12. Rxe5+ Kf8 13. Rxc5 Qe7 14.
Ba3 Qe1+ 15. Bf1 Kg8 16. cxd4 Ne4 17. Rc2 b6 18. Re2 Qa5 19. Rxe4 Bb7 20.
Re5 {Black resigns} 1-0

[Event "ICC tourney 2064 (45 10)"]
[Site "Internet Chess Club"]
[Date "2020.10.17"]
[Round "2"]
[White "PirateKing"]
[Black "EricCheng-131"]
[Result "0-1"]
[ICCResult "White checkmated"]
[WhiteElo "791"]
[BlackElo "948"]
[Opening "Queen's bishop game"]
[ECO "D00"]
[NIC "QP.08"]
[Time "13:32:05"]
[TimeControl "2700+10"]

1. d4 d5 2. Bf4 Nf6 3. Nf3 Bf5 4. h3 e6 5. e3 c5 6. b3 Bd6 7. Bxd6 Qxd6 8.
Bb5+ Nbd7 9. Ne5 O-O 10. Nxd7 Nxd7 11. Nd2 cxd4 12. exd4 e5 13. Nf3 exd4 14.
Qxd4 Rfe8+ 15. Kd1 Rac8 16. Bxd7 Bxc2+ 17. Kc1 Qxd7 18. Kb2 Re2 19. Nd2 Bg6
20. Rhc1 h6 21. Rxc8+ Qxc8 22. Rc1 Qf5 23. g4 Qxf2 24. Qxf2 Rxf2 25. Rd1 Rh2
26. Kc1 Rxh3 27. Nb1 Rd3 28. Rxd3 Bxd3 29. Nd2 Be2 30. a4 Bxg4 31. Nf1 Kh7
32. Ne3 Bf3 33. Kd2 h5 34. b4 h4 35. Nf1 g5 36. Nh2 g4 37. Ke3 Kg6 38. Nxf3
gxf3 39. Kxf3 d4 40. Ke4 h3 41. Kxd4 h2 42. b5 h1=Q 43. Kc5 Qc1+ 44. Kb4
Qb2+ 45. Kc5 Qc3+ 46. Kd6 Qd4+ 47. Kc7 Qb6+ 48. Kd7 f5 49. a5 Qxb5+ 50. Kc7
f4 51. a6 Qb6+ 52. Kd7 f3 53. axb7 Qxb7+ 54. Ke6 f2 55. Ke5 f1=Q 56. Ke6
Qb3+ 57. Kd6 Qbd3+ 58. Ke6 Qe1# {White checkmated} 0-1

[Event "ICC tourney 2064 (45 10)"]
[Site "Internet Chess Club"]
[Date "2020.10.17"]
[Round "2"]
[White "thanhcaptures"]
[Black "Knighthhhh"]
[Result "0-1"]
[ICCResult "White checkmated"]
[WhiteElo "1217"]
[BlackElo "1133"]
[Opening "French: advance, Milner-Barry gambit"]
[ECO "C02"]
[NIC "FR.03"]
[Time "13:32:09"]
[TimeControl "2700+10"]

1. e4 e6 2. d4 d5 3. e5 c5 4. c3 Nc6 5. Nf3 Qb6 6. Bd3 Bd7 7. O-O Nge7 8.
Be3 Qxb2 9. Nbd2 Qxc3 10. Nb3 c4 11. Rc1 Qb4 12. Bd2 Qb6 13. Ba5 Qb5 14. Be2
Nxa5 15. Nc5 b6 16. Rb1 Qc6 17. Nxd7 Qxd7 18. a4 Nf5 19. g4 Ne7 20. Qc2 Nec6
21. Rb2 Nb3 22. Rfb1 Nbxd4 23. Nxd4 Nxd4 24. Qd2 Nxe2+ 25. Qxe2 Be7 26. Rb5
O-O 27. a5 Bc5 28. Kf1 a6 29. R5b2 b5 30. Ke1 Qe7 31. f4 f6 32. Kf1 Bd4 33.
exf6 Qxf6 34. Rc2 Qxf4+ 35. Kg2 Qe4+ 36. Qxe4 dxe4 37. Re2 e3 38. Rd1 e5 39.
Rb1 Rf2+ 40. Rxf2 exf2 41. Kf1 e4 42. Rc1 e3 43. Rc2 Re8 44. Ke2 Rf8 45. Rc1
f1=Q+ 46. Rxf1 Rxf1 47. Kxf1 b4 48. Ke2 Kf7 49. Kd1 b3 50. g5 b2 51. Kc2 e2
52. g6+ hxg6 53. h4 e1=Q 54. h5 Qc3+ 55. Kb1 Qc1+ 56. Ka2 b1=Q#
{White checkmated}
0-1

[Event "ICC tourney 2064 (45 10)"]
[Site "Internet Chess Club"]
[Date "2020.10.17"]
[Round "2"]
[White "sassymareese"]
[Black "McTaggartfan"]
[Result "1-0"]
[ICCResult "Black resigns"]
[WhiteElo "1400"]
[BlackElo "1293"]
[Opening "French: King's Indian attack"]
[ECO "C00"]
[NIC "FR.02"]
[Time "13:32:57"]
[TimeControl "2700+10"]

1. e4 e6 2. d3 b6 3. Nf3 Bb7 4. g3 Nf6 5. Bg2 Be7 6. Nbd2 O-O 7. b3 d5 8.
exd5 exd5 9. Bb2 Re8 10. O-O c5 11. Re1 Nbd7 12. d4 Qc7 13. Ne5 Bd6 14. Nxd7
Nxd7 15. Rxe8+ Rxe8 16. Nf3 c4 17. Qd2 Nf6 18. Re1 Ne4 19. Qd1 c3 20. Bc1 h6
21. Ne5 Bxe5 22. dxe5 Qxe5 23. f3 f5 24. fxe4 fxe4 25. Bf4 Qe7 26. Qd4 Qc5
27. Qxc5 bxc5 28. Bd6 Rc8 29. Be5 {Black resigns} 1-0

[Event "ICC tourney 2064 (45 10)"]
[Site "Internet Chess Club"]
[Date "2020.10.17"]
[Round "2"]
[White "flowerpower101"]
[Black "Sreshthaj"]
[Result "0-1"]
[ICCResult "White checkmated"]
[WhiteElo "828"]
[BlackElo "1079"]
[Opening "Ruy Lopez: classical (Cordel) defense"]
[ECO "C64"]
[NIC "RL.01"]
[Time "13:32:09"]
[TimeControl "2700+10"]

1. e4 e5 2. Nf3 Nc6 3. Bb5 Bc5 4. O-O d6 5. c3 Nf6 6. d4 exd4 7. cxd4 Bb6 8.
d5 a6 9. Ba4 Nxe4 10. dxc6 O-O 11. Re1 Bxf2+ 12. Kf1 Bxe1 13. Qxe1 Nc5 14.
cxb7 Bxb7 15. Bc2 Qf6 16. Nd2 Rfe8 17. Qg3 a5 18. Rb1 Ba6+ 19. Kg1 Re6 20.
b4 axb4 21. Bb2 Qh6 22. Bd4 Nd3 23. Nf1 c5 24. Bxg7 Qxg7 25. Qxg7+ Kxg7 26.
h3 Re2 27. Bb3 c4 28. Ba4 Nf4 29. Nh4 Rxa2 30. Bc6 Rc8 31. Bf3 c3 32. Nf5+
Kh8 33. Rc1 Nd3 34. Rd1 c2 35. Rd2 c1=Q 36. Rxa2 Nc5 37. Rf2 b3 38. Bh5 b2
39. Bxf7 b1=Q 40. Ng3 Qc3 41. Kh2 Bxf1 42. Nxf1 Qe5+ 43. Ng3 Qee1 44. Rf4
Qg1# {White checkmated} 0-1

[Event "ICC tourney 2064 (45 10)"]
[Site "Internet Chess Club"]
[Date "2020.10.17"]
[Round "2"]
[White "ansish"]
[Black "nguyencaptures"]
[Result "1/2-1/2"]
[ICCResult "White stalemated"]
[WhiteElo "1256"]
[BlackElo "1159"]
[Opening "Queen's pawn, Mason variation"]
[ECO "D00"]
[NIC "QP.08"]
[Time "13:32:42"]
[TimeControl "2700+10"]

1. d4 d5 2. Bf4 Nf6 3. e3 Nc6 4. Nf3 Bf5 5. c4 dxc4 6. Bxc4 e6 7. Qa4 a6 8.
Ne5 Be4 9. f3 Bd5 10. Bxd5 Qxd5 11. Nc3 Qd6 12. Nxf7 Qb4 13. Qxb4 Nxb4 14.
Nxh8 Nc2+ 15. Ke2 Nxa1 16. Rxa1 Be7 17. Bxc7 Kf8 18. Be5 Kg8 19. Rc1 Kxh8
20. Kd3 Rc8 21. Ne2 Rxc1 22. Nxc1 Kg8 23. Ne2 b5 24. Nf4 Kf7 25. Nh3 h6 26.
Nf4 g5 27. Ne2 Nd5 28. a3 Kg6 29. e4 Nf6 30. Nc3 Nd7 31. Bg3 h5 32. h3 h4
33. Bh2 Bf6 34. d5 exd5 35. exd5 Ne5+ 36. Kc2 Kf7 37. d6 Ke6 38. b3 Kxd6 39.
Ne4+ Ke6 40. Nxg5+ Bxg5 41. f4 Bf6 42. fxe5 Bxe5 43. Bg1 Kf5 44. Bf2 Bf6 45.
Kd3 Kg5 46. Ke4 Bb2 47. a4 bxa4 48. bxa4 Bf6 49. Be3+ Kh5 50. Kf5 Bd8 51.
Bd4 Bg5 52. Bg7 a5 53. Bc3 Bd8 54. Bf6 Bb6 55. Be5 Bd8 56. g3 hxg3 57. Bxg3
Bh4 58. Bxh4 Kxh4 59. Ke5 Kxh3 60. Kd5 Kg4 61. Kc5 Kf5 62. Kb5 Ke6 63. Kxa5
Kd7 64. Kb6 Kc8 65. Ka7 Kc7 66. a5 Kc8 67. a6 Kc7 68. Ka8 Kb6 69. a7 Kc7
{White stalemated}
1/2-1/2